 Dungeon Sprint DCSS version 0.24-a0-616-ge2a249a6fd (webtiles) character file.

Game seed: 8736215366931331047, levelgen mode: deterministic

59 MordorOrchid the Ruffian (level 3, 0/35 HPs)
             Began as a Troll Transmuter on Sept 14, 2019.
             Was an Initiate of Sif Muna.
             Succumbed to a killer bee's poison
             ... in the Dungeon (Sprint IX: "|||||||||||||||||||||||||||||").
             The game lasted 00:02:06 (147 turns).

MordorOrchid the Ruffian (Troll Transmuter)          Turns: 147, Time: 00:02:06

Health: 0/35       AC:  6    Str: 18    XL:     3   Next: 78%
Magic:  5/5        EV: 12    Int: 13    God:    Sif Muna [......]
Gold:   0          SH:  0    Dex: 10    Spells: 5/6 levels left

rFire    . . .     SeeInvis .   p - +2 rapier (drain)
rCold    . . .     Gourm    +   (no shield)
rNeg     . . .     Faith    .   b - +0 robe
rPois    .         Spirit   .   (helmet restricted)
rElec    .         Reflect  .   (no cloak)
rCorr    .         Harm     .   (gloves unavailable)
MR       .....     NoTele   +   (boots unavailable)
Stlth    +.........             (no amulet)
HPRegen  0.51/turn              s - +2 ring of evasion
MPRegen  0.09/turn              r - +3 ring of intelligence

@: lethally poisoned (0 -> -13), appendage (expiring), very slightly
contaminated, invisible
A: large, unfitting armour, claws 3, horns 2, fast metabolism 3, gourmand,
regeneration 1, shaggy fur 1, tough skin 3
a: End Transformation, Renounce Religion


You were in the Dungeon.
You worshipped Sif Muna.
Sif Muna was noncommittal.
You were very full.
You had grown temporary horns.
You visited 1 branch

Inventory:

Hand Weapons
 k - a +0 dagger of venom
 p - a +2 rapier of draining (weapon)
 q - a +2 scimitar of holy wrath
Missiles
 a - 12 arrows
 l - 2 stones (quivered)
Armour
 b - a +0 robe (worn)
Magical Staves
 x - an uncursed staff of energy
Jewellery
 r - a +3 ring of intelligence (right claw)
 s - a +2 ring of evasion (left claw)
Wands
 o - a wand of acid (10)
Scrolls
 j - 2 scrolls of blinking
 m - 3 scrolls of remove curse
 n - 2 scrolls of amnesia
Potions
 e - 5 potions of curing
 f - 3 potions of heal wounds
 g - a potion of haste
 h - 4 potions of magic
 i - a potion of berserk rage
Comestibles
 d - 2 rations


   Skills:
 - Level 2.0 Fighting
 - Level 2.1 Dodging
 - Level 6.1 Unarmed Combat
 - Level 2.2 Spellcasting
 - Level 2.4 Transmutations


You had 5 spell levels left.
You knew the following spells:

 Your Spells              Type           Power        Failure   Level  Hunger
a - Beastly Appendage     Tmut           #.....       9%          1    ##.....

Your spell library contained the following spells:

 Spells                   Type           Power        Failure   Level  Hunger
 Sticks to Snakes         Tmut           #.......     14%         2    ###....
 Spider Form              Tmut/Pois      #.........   41%         3    ####...
 Ice Form                 Ice/Tmut       #.......     83%         4    #####..
 Blade Hands              Tmut           #.........   94%         5    ######.


Dungeon Overview and Level Annotations

Branches:
Dungeon (1/1)

Altars:
Cheibriados
Dithmenos
Elyvilon
Fedhas
Gozag
Hepliaklqana
Kikubaaqudgha
Makhleb
Nemelex Xobeh
Okawaru
Qazlal
Ru
Sif Muna
Trog
Uskayaw
Vehumet
Wu Jian
Xom
Yredelemnul
Zin
The Shining One
Beogh
Jiyva
Lugonu


Innate Abilities, Weirdness & Mutations

You are too large for most types of armour.
You have claws for hands.
Your metabolism is lightning-fast.
You like to eat raw meat.
Your natural rate of healing is unusually fast.
You are covered in fur. (AC +1)
You have extremely tough skin. (AC +3)
You have a pair of horns on your head.


Message History

You barely miss the killer bee.
The killer bee is lightly wounded.
You feel sick. The killer bee barely misses you.
The killer bee closely misses you.
You closely miss the killer bee. Your claw misses the killer bee.
The killer bee is lightly wounded.
You feel sick. The killer bee closely misses you. The killer bee stings you.
You are more poisoned.
The killer bee poisons you!
You barely miss the killer bee. Your headbutt misses the killer bee.
The killer bee is lightly wounded.
You feel sick. The killer bee stings you.
* * * LOW HITPOINT WARNING * * *
You are lethally poisoned!
The killer bee poisons you! The killer bee stings you!
* * * LOW HITPOINT WARNING * * *
The killer bee misses you.
You hit the killer bee. Your claw misses the killer bee.
The killer bee is lightly wounded.
You die...

▓+▓
▓{▓
▓c▓
▓{▓
▓o▓
▓T▓
▓y▓
▓@▓
▓.▓
▓.▓
▓[▓
▓[▓
▓[▓
▓)▓
▓.▓
▓.▓


You could see a troll, a centaur, a killer bee and an orc wizard.

Vanquished Creatures
  A worker ant (D)
  3 adders (D)
  A bat (D)
  A giant cockroach (D)
  2 goblins (D)
  A hobgoblin (D)
  A kobold (D)
10 creatures vanquished.

Vanquished Creatures (others)
  A spatial maelstrom (D)
1 creature vanquished.

Grand Total: 11 creatures vanquished

Notes
Turn   | Place    | Note
-------+----------+-------------------------------------------
     0 | D        | MordorOrchid the Troll Transmuter began the quest for the
                  | Orb.
     0 | D        | Reached XP level 1. HP: 18/18 MP: 1/1
     4 | D        | Banished a spatial maelstrom
     7 | D        | Reached skill level 4 in Unarmed Combat
    40 | D        | Noticed a worker ant
    46 | D        | Killed a worker ant
    46 | D        | Reached skill level 1 in Fighting
    46 | D        | Reached skill level 5 in Unarmed Combat
    46 | D        | Reached XP level 2. HP: 27/27 MP: 0/3
    46 | D        | Reached XP level 3. HP: 33/33 MP: 0/4
    60 | D        | Reached skill level 6 in Unarmed Combat
    73 | D        | Found a roughly hewn altar of Beogh.
    73 | D        | Found a snail-covered altar of Cheibriados.
    73 | D        | Found a shadowy altar of Dithmenos.
    73 | D        | Found a white marble altar of Elyvilon.
    73 | D        | Found a blossoming altar of Fedhas.
    73 | D        | Found an opulent altar of Gozag.
    74 | D        | Found a hazy altar of Hepliaklqana.
    75 | D        | Found a viscous altar of Jiyva.
    76 | D        | Found an ancient bone altar of Kikubaaqudgha.
    77 | D        | Found a corrupted altar of Lugonu.
    78 | D        | Found a burning altar of Makhleb.
    79 | D        | Found a sparkling altar of Nemelex Xobeh.
    80 | D        | Found an iron altar of Okawaru.
    81 | D        | Found a stormy altar of Qazlal.
    82 | D        | Found a sacrificial altar of Ru.
    83 | D        | Found a shimmering blue altar of Sif Muna.
    84 | D        | Found a bloodstained altar of Trog.
    85 | D        | Found a hide-covered altar of Uskayaw.
    86 | D        | Found a radiant altar of Vehumet.
    87 | D        | Found an ornate altar of the Wu Jian Council.
    88 | D        | Found a shimmering altar of Xom.
    89 | D        | Found a basalt altar of Yredelemnul.
    90 | D        | Found a glowing silver altar of Zin.
    91 | D        | Became a worshipper of Sif Muna the Loreminder
    92 | D        | Found a glowing golden altar of the Shining One.
   127 | D        | Noticed a centaur
   127 | D        | Noticed a troll
   127 | D        | Noticed a killer bee
   147 | D        | Succumbed to a killer bee's poison

Levels and vault maps discovered:
D:        linesprint [early_d, line_temple, items_1, d_10, items_2, lair_1,
          lair_end, items_3, orc_1, orc_end, items_4, d_15, swamp_1, shoals_1,
          snake_1, spider_1, d_20, vaults_1, items_5, swamp_end, shoals_end,
          snake_end, spider_end, vaults_end, d_27, items_6, zot_1, zot_end,
          crypt_end, forest_end, elf_end, slime_end, tomb_end, abyss_end,
          pan_hell_end]

Skill      XL: |  1  2  3 |
---------------+----------+-----
Unarmed Combat | 5 6 |  6.1
Fighting       | 1 2 |  2.0
Transmutations | 2 |  2.4
Dodging        | 2 |  2.1
Spellcasting   | 2 |  2.2

Action                   || total
-------------------------++-------
Melee: Unarmed           ||    38
       Kick              ||     1
       Punch             ||     1
       Rapier            ||     5
       Headbutt          ||     1
 Cast: Beastly Appendage ||     3
  Use: Potion            ||     1
 Stab: Invisible         ||     1
  Eat: Chunk             ||     5
Armor: Robe              ||     9
Dodge: Dodged            ||    34

Table legend:
 A = Non-vault XP
 B = Vault XP
 C = Vault XP percentage of total XP
 D = Non-vault monster count
 E = Vault monster count
 F = Vault count percentage of total count
                 A         B        C        D         E       F
            +---------+---------+-------+---------+---------+-------
      Total |       0 |      85 | 100.0 |       0 |      10 | 100.0
            +---------+---------+-------+---------+---------+-------
          D |       0 |      85 | 100.0 |       0 |      10 | 100.0
            +---------+---------+-------+---------+---------+-------
